 Dungeon Crawl Stone Soup version 0.17-a0-1741-gd5e8965 (webtiles) character file.

2920 Krapule the Protected (level 9, -4/81 (82) HPs)
             Began as a Minotaur Fighter on Aug 31, 2015.
             Was an Initiate of Qazlal.
             Shot with an arrow by a centaur (11 damage)
             ... on level 10 of the Dungeon.
             The game lasted 00:24:54 (8293 turns).

Krapule the Protected (Minotaur Fighter)            Turns: 8293, Time: 00:24:54

HP:   -4/81 (82)    AC: 12    Str: 20    XL:     9   Next: 50%
MP:   9/9           EV: 11    Int:  6    God:    Qazlal [......]
Gold: 520           SH: 11    Dex: 13    Spells: 0 memorised, 8 levels left

rFire  . . .     SeeInvis .     a - +0 long sword
rCold  . . .     Clarity  .     b - +0 scale mail
rNeg   . . .     SustAt   .     c - +0 shield
rPois  .         Gourm    .     (helmet restricted)
rElec  .         Spirit   .     w - +0 cloak
rCorr  .         Warding  .     (no gloves)
rMut   +         Stasis   .     f - +0 pair of boots
MR     .....                    u - amulet of resist mutation
Stlth  ..........               (no ring)
                                x - +1 ring of protection

@: not resistant to hostile enchantments, extremely unstealthy
A: retaliatory headbutt, horns 2
a: Renounce Religion


You were on level 10 of the Dungeon.
You worshipped Qazlal.
Qazlal was noncommittal.
You were not hungry.

You visited 2 branches of the dungeon, and saw 11 of its levels.

You collected 520 gold pieces.

Inventory:

Hand weapons
 a - a +0 long sword (weapon)
Armour
 b - a +0 scale mail (worn)
 c - a +0 shield (worn)
 f - a +0 pair of boots (worn)
 w - a +0 cloak (worn)
Jewellery
 i - an uncursed amulet of resist corrosion
 s - an uncursed ring of fire
 u - an amulet of resist mutation (around neck)
 x - a +1 ring of protection (left hand)
 I - a cursed -2 ring of intelligence
Magical devices
 q - a wand of random effects (12)
 y - a wand of cold (7)
 D - a wand of lightning (3)
 G - a wand of polymorph (7)
Scrolls
 g - 3 scrolls of teleportation
 h - 2 scrolls of amnesia
 j - 6 scrolls of remove curse
 k - 7 scrolls of identify
 m - 2 scrolls of recharging
 o - 3 scrolls of blinking
 v - 4 scrolls of magic mapping
 z - a scroll of fog
 C - a scroll of random uselessness {unknown}
 H - a scroll of fear
Potions
 d - 3 potions of might
 l - a potion of curing
 r - a potion of resistance
 t - a potion of flight
 A - a potion of heal wounds
 B - 3 potions of haste
Comestibles
 e - 12 bread rations
 n - 3 royal jellies
 p - 2 meat rations
 E - 7 beef jerkies
 F - a slice of pizza


   Skills:
 + Level 8.6 Fighting
 - Level 4.0 Long Blades
 + Level 8.7 Armour
 - Level 6.0 Dodging
 + Level 8.5 Shields
 + Level 2.6 Invocations


You had 8 spell levels left.
You didn't know any spells.

Dungeon Overview and Level Annotations

Branches:
Dungeon (10/15)            Temple (1/1) D:7            Lair (0/8) D:9
    Orc: D:9-12

Altars:
Ashenzari
Cheibriados
Dithmenos
Elyvilon
Fedhas
Gozag
Kikubaaqudgha
Makhleb
Nemelex Xobeh
Okawaru
Qazlal
Ru
Sif Muna
Trog
Vehumet
Xom
Yredelemnul
Zin
The Shining One

Shops:
D:4 (

Annotations:
D:3 zkyp's ghost, average DgAM
D:4 exclusion: statue
D:5 Blork the orc; Sigmund


Innate Abilities, Weirdness & Mutations

You reflexively headbutt those who attack you in melee.
You have a pair of horns on your head.


Message History

You headbutt the hound, but do no damage.
The centaur shoots an arrow.
You block the arrow.
You see here an arrow.
You are too injured to fight recklessly!
You hit the hound but do no damage. Your headbutt misses the hound.
The hound is almost dead.
You block the hound's attack. The hound bites you but does no damage.
The centaur shoots an arrow.
You block the arrow.
You hit the hound but do no damage.
The hound is almost dead.
The hound barely misses you.
The centaur shoots an arrow.
The arrow hits you!
* * * LOW HITPOINT WARNING * * *
You block the hound's attack.
The centaur shoots an arrow.
The arrow completely misses you.
You hit the hound.
The hound is almost dead.
The hound barely misses you. You furiously retaliate!
You headbutt the hound, but do no damage.
The centaur shoots an arrow.
The arrow hits you!
You die...

# ###..
####.....
##........
#.........
#<@..c....
.......h........
................
#########....##.
#.>## ###


You could see a centaur and a hound.

Vanquished Creatures
  A hippogriff (D:6)
  A hungry ghost (D:7)
  The ghost of shakdrar the Covert, an average OpAs (D:4)
  Duvessa (D:6)
  3 ice beasts
  2 necrophages
  3 ogres
  A centaur (D:7)
  Dowan (D:6)
  2 giant frogs (D:9)
  3 scorpions
  3 electric eels (D:9)
  A centaur zombie (D:8)
  2 crimson imps
  A jelly (D:7)
  Crazy Yiuf (D:5)
  An orc priest (D:3)
  3 orc wizards
  13 hounds
  4 worker ants
  Terence (D:2)
  A giant frog skeleton (D:6)
  2 iguanas
  A killer bee zombie (D:8)
  2 hound zombies
  7 adders
  12 gnolls
  An adder skeleton (D:9)
  2 worms
  16 orcs
  3 ball pythons
  8 giant cockroaches
  14 goblins
  7 hobgoblins
  7 quokkas
  8 bats
  5 giant geckos
  A giant gecko skeleton (D:4)
  A giant gecko zombie (D:5)
  2 giant newts
  13 jackals
  A jackal skeleton (D:4)
  10 kobolds
  A quokka skeleton (D:9)
  4 rats
178 creatures vanquished.

Notes
Turn   | Place    | Note
--------------------------------------------------------------
     0 | D:1      | Krapule the Minotaur Fighter began the quest for the Orb.
     0 | D:1      | Reached XP level 1. HP: 19/19 MP: 0/0
   203 | D:1      | Reached XP level 2. HP: 18/27 MP: 1/1
   402 | D:1      | Reached skill level 4 in Shields
   588 | D:2      | Reached XP level 3. HP: 33/33 MP: 2/2
   830 | D:2      | Noticed Terence
   849 | D:2      | Killed Terence
   849 | D:2      | Reached skill level 1 in Dodging
   977 | D:2      | Reached XP level 4. HP: 40/40 MP: 3/3
  1406 | D:3      | Reached XP level 5. HP: 42/47 MP: 4/4
  1579 | D:3      | Noticed zkyp's ghost (average DgAM)
  2494 | D:4      | Found Fomumiaf's Antique Weapon Shoppe.
  2503 | D:4      | Reached skill level 5 in Fighting
  2503 | D:4      | Reached skill level 5 in Shields
  2503 | D:4      | Reached XP level 6. HP: 43/56 MP: 5/5
  2522 | D:4      | Found a radiant altar of Vehumet.
  2731 | D:4      | Found a deep blue altar of Sif Muna.
  2740 | D:4      | Reached skill level 5 in Armour
  2783 | D:4      | Noticed shakdrar's ghost (average OpAs)
  2937 | D:4      | Killed shakdrar's ghost
  3024 | D:4      | Reached XP level 7. HP: 59/61 MP: 6/6
  3029 | D:5      | Entered Level 5 of the Dungeon
  3071 | D:5      | Noticed Crazy Yiuf
  3079 | D:5      | Killed Crazy Yiuf
  3235 | D:5      | Noticed Blork the orc
  3235 | D:5      | Noticed Sigmund
  3524 | D:6      | Reached skill level 6 in Fighting
  3803 | D:6      | Reached XP level 8. HP: 71/71 MP: 7/7
  4076 | D:6      | Found an iron altar of Okawaru.
  4247 | D:5      | Noticed Duvessa
  4247 | D:5      | Noticed Dowan
  4253 | D:6      | Reached skill level 7 in Armour
  4262 | D:6      | Killed Duvessa
  4262 | D:6      | Reached skill level 5 in Dodging
  4278 | D:6      | Killed Dowan
  4581 | D:5      | Found a burning altar of Makhleb.
  5666 | D:7      | Reached XP level 9. HP: 77/79 MP: 8/8
  5784 | D:7      | Found a glowing silver altar of Zin.
  5929 | D:7      | Found a staircase to the Ecumenical Temple.
  5935 | Temple   | Entered the Ecumenical Temple
  5977 | Temple   | Became a worshipper of Qazlal Stormbringer
  6210 | D:7      | Found an iron altar of Okawaru.
  6218 | D:7      | Found a shattered altar of Ashenzari.
  6219 | D:7      | Found a basalt altar of Yredelemnul.
  6221 | D:7      | Found an ancient bone altar of Kikubaaqudgha.
  6565 | D:8      | Found a shattered altar of Ashenzari.
  6644 | D:8      | Reached skill level 8 in Armour
  6865 | D:8      | Reached skill level 1 in Invocations
  7142 | D:9      | Found a sparkling altar of Nemelex Xobeh.
  7580 | D:9      | Found a staircase to the Lair.
  8286 | D:10     | Entered Level 10 of the Dungeon
  8293 | D:10     | Shot with an arrow by a centaur

Vault maps used:
D:1:      dpeg_arrival_rooms_with_view
D:2:      uniq_terence
D:3:      first_bread, kennysheep_decorative_pillar
D:4:      vehumet_statue, old_standard_altar, serial_shops,
          nicolae_shop_competitors_out_of_business
D:5:      makhleb_blood_cavern_becter, uniq_duvessa, uniq_blork_the_orc,
          uniq_sigmund, uniq_crazy_yiuf_cottage
D:6:      okawaru_altar_gauntlet_db
D:7:      minitemple, minmay_temple_entry_fiery, basic_altar, grunt_ogre_cave
D:8:      st_stairs_8, minmay_misc_feat_rugged, cheibrodos_ashenzari_chains
D:9:      erik_lair_island, serial_shops, shop, serial_ice, serial_ice_g,
          serial_ice_o, serial_ice_d, serial_ice_e, nemelex_spade_bored_becter
D:10:     minmay_unpleasant_kobolds, uniq_urug
Temple:   nicolae_temple_god_jail

Action                   |  1- 3 |  4- 6 |  7- 9 || total
-------------------------+-------+-------+-------++-------
Melee: Long sword        |    83 |   163 |   332 ||   578
  Use: Scroll            |     6 |     4 |       ||    10
       Potion            |       |     5 |     2 ||     7
  Eat: Chunk             |       |     7 |    12 ||    19
       Beef jerky        |       |       |     1 ||     1
       Bread ration      |       |       |     1 ||     1
       Pizza             |       |       |     1 ||     1
